[Event "Elegant 1st Division League 2024"]
[Site "Dhaka"]
[Date "2024.07.11"]
[Round "1.1"]
[White "Uddipan Roy"]
[Black "Hossain, Showkat Pollab"]
[Result "1-0"]
[Annotator "NA RC"]
[ECO "B01"]
[WhiteElo "1967"]
[BlackElo "1990"]
[PlyCount "65"]
[EventDate "2024.07.10"]
[EventType "team-tourn"]
[EventCountry "BAN"]
[SourceTitle "playchess.com"]
[Source "ChessBase"]
[SourceQuality "1"]
[TimeControl "5400+30"]

1. e4 d5 2. exd5 Qxd5 3. Nc3 Qa5 4. Bc4 Nf6 5. d3 c6 6. Nge2 Nbd7 7. O-O b5 8. Bb3 Nc5 9. Be3 b4 10. Ne4 Ncxe4 11. dxe4 Nxe4 12. Qd4 Nd6 13. a3 Qb5 14. Ng3 bxa3 15. Rxa3 a6 16. Ba4 Qb7 17. Rb3 Nb5 18. Qe4 $18 Be6 19. c4 Qc8 20. Rd3 f5 21. Qf4 Nd6 22. b3 Nf7 23. Qd4 Qb7 24. Qc5 Bd7 25. Nxf5 e6 26. Nd6+ Bxd6 27. Rxd6 Nxd6 28. Qxd6 Qb8 29. Qc5 Kf7 30. Rd1 Be8 31. Rd4 g6 32. Rf4+ Kg7 33. Qe7+ 1-0

[Event "Elegant 1st Division League 2024"]
[Site "Dhaka"]
[Date "2024.07.11"]
[Round "1.2"]
[White "Ahmed, Mahtabuddin"]
[Black "Abdul, Momin"]
[Result "1/2-1/2"]
[Annotator "NA RC"]
[ECO "A31"]
[WhiteElo "1974"]
[BlackElo "1911"]
[PlyCount "150"]
[EventDate "2024.07.10"]
[EventType "team-tourn"]
[EventCountry "BAN"]
[SourceTitle "playchess.com"]
[Source "ChessBase"]
[SourceQuality "1"]
[TimeControl "5400+30"]

1. Nf3 Nf6 2. c4 c5 3. d4 cxd4 4. Nxd4 a6 5. g3 e5 6. Nf3 {[%emt 0:01:00] A31: Symmetrical English: 2 Nf3 Nf6 3 d4.} Nc6 7. Nc3 Bb4 8. Bd2 O-O 9. Nd5 Bxd2+ 10. Qxd2 Re8 11. Rd1 b5 12. Nxf6+ Qxf6 13. c5 e4 14. Nd4 Ne5 15. Bg2 Nf3+ 16. Bxf3 exf3 17. O-O fxe2 18. Nxe2 Bb7 19. Nd4 Qe5 20. b4 Qd5 21. f3 Qh5 22. g4 Qh3 23. Qc3 g6 24. Rf2 h5 25. Rg2 hxg4 26. Rxg4 Re5 $15 ({Beter is} 26... Qh5 $17 27. h3 a5 28. bxa5 Re5 (28... Qxh3 29. Nf5 $16)) 27. Rg3 Qh4 28. Qd2 Rae8 29. Qf2 Qe7 30. f4 Re1+ 31. Rxe1 Qxe1+ 32. Qxe1 Rxe1+ 33. Kf2 Re4 34. Rd3 Rxf4+ 35. Kg3 Rf1 36. Nb3 Rg1+ 37. Kf4 Bc6 38. Rd2 Kf8 39. Na5 Ke7 40. Nxc6+ dxc6 41. Rd6 Rf1+ 42. Kg5 Rf5+ 43. Kg4 Rf6 44. Rd2 Re6 45. Kf4 f6 46. h4 Ke8 47. Rd3 Ke7 48. Rd2 Re1 49. Rd6 Rb1 50. a3 Rb3 51. Rxc6 Rxa3 52. Ke4 Rh3 53. Rxa6 Rxh4+ 54. Kd5 Rxb4 55. Ra7+ Kd8 56. c6 Rb1 57. Kc5 b4 58. Kb6 b3 59. c7+ Kd7 60. Kb7 Rc1 61. Kb8 Ke6 62. Rb7 g5 63. Rxb3 g4 64. Rb6+ Ke5 65. Rb5+ Kf4 66. Rb4+ Kg5 67. c8=Q Rxc8+ 68. Kxc8 g3 69. Kd7 f5 70. Rb8 Kg4 71. Rg8+ Kf3 72. Ke6 g2 73. Kxf5 Kf2 74. Kf4 g1=Q 75. Rxg1 Kxg1 1/2-1/2

[Event "Elegant 1st Division League 2024"]
[Site "Dhaka"]
[Date "2024.07.11"]
[Round "1.3"]
[White "Bivor Adak"]
[Black "Shourya Paul"]
[Result "1/2-1/2"]
[Annotator "NA RC"]
[ECO "C54"]
[WhiteElo "1967"]
[BlackElo "1813"]
[PlyCount "71"]
[EventDate "2024.07.10"]
[EventType "team-tourn"]
[EventCountry "BAN"]
[SourceTitle "playchess.com"]
[Source "ChessBase"]
[SourceQuality "1"]
[TimeControl "5400+30"]

1. e4 e5 2. Nf3 Nc6 3. Bc4 Nf6 4. d3 Bc5 5. c3 d6 6. O-O a6 7. a4 {[%emt 0:00:57] 7.Re1 setzt einen neuen Trend. C54: Italienische Partie (Hauptvariante).} Ba7 8. Re1 h6 9. Nbd2 O-O 10. h3 Re8 11. b4 Nh5 12. Nf1 Qf6 13. Ne3 Nf4 14. Ng4 Bxg4 15. hxg4 Ne7 16. Be3 $146 ({Predecessor:} 16. d4 Neg6 17. g3 Ne6 18. Be3 Ngf8 19. Kg2 Nh7 20. dxe5 dxe5 21. Bxa7 Rxa7 22. Qd2 {0-1 Wagner,D (2570)-Malyi,V (2391) Titled Tuesday intern op 09th Aug Early blitz 2022 (2)}) 16... d5 17. exd5 Bxe3 18. fxe3 Nfxd5 19. Qb3 $11 ({Wit zou moeten proberen} 19. e4 $14 Nf4 (19... Nxc3 20. Qc1 $14) 20. g3) 19... Rad8 20. Ra2 Rf8 21. Rf2 Qd6 22. d4 e4 23. Ne5 f6 24. Bxd5+ Qxd5 25. Qxd5+ Rxd5 26. Nc4 Rg5 27. Rf4 Nd5 28. Rxe4 Nxc3 29. Re7 Rf7 30. Re8+ Rf8 31. Re7 Rf7 32. Re8+ Kh7 33. Na5 c6 34. Rb8 Nxa4 35. Rxb7 Rxb7 36. Nxb7 1/2-1/2

[Event "Elegant 1st Division League 2024"]
[Site "Dhaka"]
[Date "2024.07.11"]
[Round "1.4"]
[White "Shankhodip De"]
[Black "Md Nurul Islam, Mahin"]
[Result "1-0"]
[Annotator "NA RC"]
[ECO "E62"]
[WhiteElo "1942"]
[BlackElo "1833"]
[PlyCount "95"]
[EventDate "2024.07.10"]
[EventType "team-tourn"]
[EventCountry "BAN"]
[SourceTitle "playchess.com"]
[Source "ChessBase"]
[SourceQuality "1"]
[TimeControl "5400+30"]

1. Nf3 Nf6 2. g3 g6 3. Bg2 Bg7 4. c4 c6 5. O-O d6 6. d4 O-O 7. Nc3 Bf5 8. Ne1 Bc8 {[%emt 0:04:23] E62: Konings-Indisch: Fianchetto: 6...c6 en Panno Variant (6...Pc6) zonder ...a6.} 9. e4 e5 10. d5 c5 11. Nd3 Ne8 12. f4 Nd7 13. Be3 Nb6 14. Qb3 Nd7 15. Rae1 Qb6 16. Qc2 Qa6 17. b3 Qa5 18. Bd2 Qd8 19. f5 a6 20. g4 f6 21. h4 g5 22. Kf2 h6 23. Rh1 Rb8 24. Re3 b5 25. Reh3 bxc4 26. bxc4 Nb6 27. Ne2 Nd7 28. Qc1 Kf7 $18 29. Ng1 Rg8 30. Nf3 Bf8 31. Bf1 Qb6 32. hxg5 fxg5 33. Bxg5 Nef6 34. Bxf6 Nxf6 35. Nd2 Rxg4 36. Be2 Rg8 37. Rh4 Qa5 38. a3 Bd7 39. Nf3 Rb3 40. a4 Bxa4 41. Qa1 Rc3 42. Nfxe5+ dxe5 43. Nxe5+ Ke8 44. Nc6 Qc7 45. Qxc3 Bxc6 46. Qxf6 Qg3+ 47. Kf1 Bd7 48. Bh5+ 1-0

[Event "Elegant 1st Division League 2024"]
[Site "Dhaka"]
[Date "2024.07.11"]
[Round "1.5"]
[White "Bhosale Shriraj"]
[Black "abu, Hanif"]
[Result "1-0"]
[Annotator "NA RC"]
[ECO "A07"]
[WhiteElo "2043"]
[BlackElo "2076"]
[PlyCount "73"]
[EventDate "2024.07.10"]
[EventType "team-tourn"]
[EventCountry "BAN"]
[SourceTitle "playchess.com"]
[Source "ChessBase"]
[SourceQuality "1"]
[TimeControl "5400+30"]

1. Nf3 g6 2. g3 Bg7 3. Bg2 e5 4. d3 d5 5. O-O Ne7 6. e4 O-O 7. c3 {[%emt 0:00:00] A07: Barcza-System (Königsfianchetto mit möglichen Übergängen in andere Systeme).} c5 8. exd5 Nxd5 9. Qb3 Nb6 10. Be3 Qc7 11. Ng5 Na6 12. Na3 h6 13. Nb5 Qe7 14. Nxa7 Qc7 15. Nxc8 Raxc8 16. Ne4 Kh7 17. f4 f5 18. Nd2 Rcd8 19. Nc4 Nxc4 20. Qxc4 Rd7 21. fxe5 Bxe5 22. Rae1 Rfd8 23. Qh4 Bg7 24. Bg5 Rf8 25. Re6 Rff7 26. g4 Rd6 27. gxf5 Rxf5 28. Re7 Rxg5 29. Rxc7 Nxc7 30. Qf4 Rd7 31. h4 Re5 32. Be4 ({Don't take} 32. Bxb7 Nd5 33. Bxd5 Rexd5 $18) 32... h5 33. Qg3 (33. Bxb7 Rxd3 34. Be4 Rd6 $14) 33... Rd6 34. Rf7 Rxe4 35. Qxd6 Rg4+ 36. Kf2 Ne8 37. Qe7 1-0

[Event "Elegant 1st Division League 2024"]
[Site "Dhaka"]
[Date "2024.07.11"]
[Round "1.6"]
[White "Ahmed, Feroz"]
[Black "abzid, Rahman"]
[Result "0-1"]
[Annotator "NA RC"]
[ECO "E09"]
[WhiteElo "2042"]
[BlackElo "2037"]
[PlyCount "70"]
[EventDate "2024.07.10"]
[EventType "team-tourn"]
[EventCountry "BAN"]
[SourceTitle "playchess.com"]
[Source "ChessBase"]
[SourceQuality "1"]
[TimeControl "5400+30"]

1. c4 Nf6 2. Nf3 e6 3. d4 d5 4. g3 Be7 5. Bg2 O-O 6. O-O Nbd7 7. b3 c6 8. Qc2 b6 9. Nbd2 Bb7 10. Bb2 Rc8 11. Rad1 c5 12. Qb1 {[%emt 0:05:36] E09: Closed Catalan: Main Line: 7 Qc2 c6 8 Nbd2.} Qc7 13. cxd5 exd5 14. Nh4 Rfe8 15. Nf5 Bf8 16. dxc5 bxc5 17. e3 g6 18. Nh4 $1 Bg7 19. Rc1 Qb6 20. Rfd1 a5 21. Bc3 Bc6 22. e4 d4 23. Nc4 Qb8 24. Bxa5 Bxe4 25. Bxe4 Nxe4 26. b4 $2 (26. Qd3 $17 {was een poging waard.}) 26... Nc3 27. Rxc3 dxc3 28. Rxd7 Qb5 29. Nb6 $19 cxb4 30. Rd5 c2 31. Qc1 Rc5 32. Rd7 Qxa5 33. Nd5 Rxd5 34. Rxd5 Qxd5 35. Ng2 Qd1+ 0-1

[Event "Elegant 1st Division League 2024"]
[Site "Dhaka"]
[Date "2024.07.11"]
[Round "1.7"]
[White "Tajane Ganesh"]
[Black "Md, Sariatullah"]
[Result "1/2-1/2"]
[Annotator "RC"]
[ECO "C50"]
[WhiteElo "1772"]
[BlackElo "2005"]
[PlyCount "119"]
[EventDate "2024.07.10"]
[EventType "team-tourn"]
[EventCountry "BAN"]
[SourceTitle "playchess.com"]
[Source "ChessBase"]
[SourceQuality "1"]
[TimeControl "5400+30"]

1. e4 Nc6 2. Nc3 e5 3. Bc4 Nf6 4. d3 h6 5. Nf3 a6 6. O-O Bc5 7. Be3 Bxe3 8. fxe3 O-O 9. Qe1 d6 10. Nh4 Be6 11. Nf5 Kh7 12. Qh4 Ng8 13. Qg3 Qg5 14. Nd5 Qxg3 15. Nxg3 Rac8 16. Bb3 Na5 17. Rf3 Nxb3 18. axb3 c6 19. Nb6 Rcd8 20. Nc4 g6 21. d4 h5 22. Rf2 Kg7 23. Ne2 f6 24. Rd1 d5 25. exd5 cxd5 26. Na5 Rd7 27. b4 Rc8 28. c3 e4 29. Ra1 b6 30. Nb3 Ra7 31. Rff1 Nh6 32. h3 Nf5 33. Kf2 Nd6 34. Nd2 g5 35. h4 Nf5 36. hxg5 fxg5 37. Ng3 Nh6 38. Nxh5+ Kg6 39. Ng3 Ng4+ 40. Ke2 Bd7 41. Rfc1 Bb5+ 42. c4 dxc4 43. Rc3 Re7 44. Ngxe4 Rce8 45. Kf3 Nh6 46. Nd6 Rf8+ 47. Ke2 Rd8 48. Nxb5 axb5 49. Nf3 Ng4 50. b3 Rde8 51. Ne5+ Nxe5 52. dxe5 cxb3 53. Rxb3 Rxe5 54. Rd1 R8e6 55. Rd4 Rc6 56. Rbd3 Kf5 57. Kf3 Rc4 58. g4+ Kf6 59. Rd6+ Re6 60. R6d4 1/2-1/2

[Event "Elegant 1st Division League 2024"]
[Site "Dhaka"]
[Date "2024.07.11"]
[Round "1.8"]
[White "Noshin, Anjum"]
[Black "Bhuiyan, Golam Mostafa"]
[Result "1/2-1/2"]
[Annotator "NA RC"]
[ECO "B90"]
[WhiteElo "2056"]
[BlackElo "2078"]
[PlyCount "133"]
[EventDate "2024.07.10"]
[EventType "team-tourn"]
[EventCountry "BAN"]
[SourceTitle "playchess.com"]
[Source "ChessBase"]
[SourceQuality "1"]
[TimeControl "5400+30"]

1. e4 c5 2. Nf3 d6 3. d4 cxd4 4. Nxd4 Nf6 5. Nc3 a6 6. f3 b5 {[%emt 0:01:22] B90: Sicilian Najdorf: Unusual White 6th moves, 6 Be3 Ng4 and 6 Be3 e5.} 7. a4 b4 8. Na2 e5 9. Nb3 Nc6 10. Bc4 Be6 11. Bd5 Qc7 12. Bg5 a5 13. c3 Be7 $2 (13... Bxd5 $15 {stays ahead.} 14. exd5 Ne7) 14. Bxf6 Bxf6 15. cxb4 Rc8 16. Rc1 Qb6 17. Bxe6 fxe6 18. Nxa5 O-O 19. Nc4 Qa7 20. b5 Bh4+ (20... Nd4 $15 {keeps the upper hand.} 21. b6 (21. Nxd6 $2 {loses.} Nxf3+ 22. Ke2 Bg5 $19) 21... Qb8) 21. g3 Nd4 22. b6 (22. gxh4 Nxf3+ 23. Ke2 $19 Nd4+ 24. Ke1 Qf7 $19) 22... Qa8 23. O-O (23. gxh4 $2 {too greedy.} Nxf3+ $19) (23. Nxd6 $2 Rxc1 (23... Nxf3+ $2 24. Kf1 $19) 24. Nxc1 Be7 $19 (24... Nxf3+ $2 25. Kf1 $19) (24... Qa5+ 25. Kf2 $11)) 23... Be7 24. Rc3 Qb8 25. a5 d5 26. exd5 exd5 27. Ne3 $18 Rcd8 28. Kg2 Qa8 29. Rc7 Qxa5 30. Rxe7 Qxa2 31. Rxe5 Qxb2+ 32. Rf2 Qxb6 33. Nxd5 Qa7 34. Ne7+ Kh8 35. Rd2 Rd6 36. Re4 Rfd8 37. Nc6 Rxc6 38. Rexd4 Rf8 39. Rd8 Rcf6 40. Rxf8+ Rxf8 41. Rd8 Qa2+ 42. Kh3 Qe6+ 43. g4 Qf6 44. Rxf8+ Qxf8 45. Qd5 h6 46. Kg3 Qe8 47. Qe4 Qb8+ 48. Qf4 Qa7 49. Qf8+ Kh7 50. Qf5+ Kh8 51. Kh3 Qe7 52. f4 Qe3+ 53. Kh4 Qf2+ 54. Kh3 Qf3+ 55. Kh4 Qf2+ 56. Kh5 Qxh2+ 57. Kg6 Qa2 58. Qf8+ Qg8 59. Qxg8+ Kxg8 60. f5 Kf8 61. f6 gxf6 62. Kxf6 h5 63. gxh5 Kg8 64. Kg6 Kh8 65. h6 Kg8 66. h7+ Kh8 67. Kh6 1/2-1/2

[Event "Elegant 1st Division League 2024"]
[Site "Dhaka"]
[Date "2024.07.11"]
[Round "1.9"]
[White "Vrashank Chouhan"]
[Black "Choudhury, Zahid"]
[Result "1-0"]
[Annotator "RC"]
[ECO "D02"]
[WhiteElo "2209"]
[BlackElo "1838"]
[PlyCount "80"]
[EventDate "2024.07.10"]
[EventType "team-tourn"]
[EventCountry "BAN"]
[SourceTitle "playchess.com"]
[Source "ChessBase"]
[SourceQuality "1"]
[TimeControl "5400+30"]

1. d4 d5 2. Bf4 e6 3. e3 Nf6 4. Nf3 Be7 5. Nbd2 c5 6. c3 Nc6 7. Ne5 Bd7 8. Bd3 Rc8 9. h4 cxd4 10. exd4 Qb6 11. Rb1 Na5 12. Qe2 h6 13. h5 Nc6 14. Ndf3 Qa5 15. a3 Qb6 16. Nxc6 Bxc6 17. Ne5 Ba4 18. O-O a6 19. b3 Bd7 20. Bd2 O-O 21. a4 Bc6 22. Rfe1 Qc7 23. Bc2 Bd6 24. Qd3 Rfe8 25. f3 Kf8 26. g4 Nd7 27. f4 Nf6 28. Nxc6 Qxc6 29. Qf3 Bb4 30. Re3 Bd6 31. g5 Ng8 32. Bh7 Ne7 33. gxh6 gxh6 34. f5 Kg7 35. fxe6 Kxh7 36. Qxf7+ Kh8 37. Qf6+ Kh7 38. Rf3 Ng8 39. Qg6+ Kh8 40. Rf7 Nf6 1-0

[Event "Elegant 1st Division League 2024"]
[Site "Dhaka"]
[Date "2024.07.11"]
[Round "1.10"]
[White "Mirza Arifur, Rahman"]
[Black "Tutul, Dhar"]
[Result "1-0"]
[Annotator "RC"]
[ECO "D02"]
[WhiteElo "1823"]
[BlackElo "2008"]
[PlyCount "67"]
[EventDate "2024.07.10"]
[EventType "team-tourn"]
[EventCountry "BAN"]
[SourceTitle "playchess.com"]
[Source "ChessBase"]
[SourceQuality "1"]
[TimeControl "5400+30"]

1. d4 Nf6 2. Nf3 d5 3. Bf4 e6 4. e3 Bd6 5. Bg3 O-O 6. Bd3 c5 7. c3 Nc6 8. Nbd2 b6 9. Ne5 Bb7 10. O-O Rc8 11. f4 Ne7 12. Bh4 Nf5 13. Qe1 Be7 14. Bxf6 Bxf6 15. Ndf3 g6 16. g4 Nd6 17. Qg3 Bg7 18. g5 Ne4 19. Qg4 Qe7 20. Kg2 cxd4 21. exd4 Rce8 22. Bb5 Rd8 23. h4 f6 24. gxf6 Nxf6 25. Qg5 Qc7 26. Bd3 Nh5 27. Nh2 Bf6 28. Qg4 Qe7 29. Qg5 Qc7 30. Qg4 Qe7 31. Kh3 Bxe5 32. fxe5 Rxf1 33. Rxf1 Rf8 34. Rxf8+ 1-0

[Event "Elegant 1st Division League 2024"]
[Site "Dhaka"]
[Date "2024.07.11"]
[Round "1.11"]
[White "Dakshita Kumawat"]
[Black "Salim Mohammed, Salim Al Amri"]
[Result "1/2-1/2"]
[Annotator "NA RC"]
[ECO "D36"]
[WhiteElo "1928"]
[BlackElo "1928"]
[PlyCount "85"]
[EventDate "2024.07.10"]
[EventType "team-tourn"]
[EventCountry "BAN"]
[SourceTitle "playchess.com"]
[Source "ChessBase"]
[SourceQuality "1"]
[TimeControl "5400+30"]

1. d4 Nf6 2. c4 e6 3. Nc3 d5 4. cxd5 exd5 5. Bg5 c6 6. e3 Nbd7 7. Bd3 h6 8. Bh4 Be7 9. Qc2 O-O 10. Nge2 Re8 11. O-O Nf8 {[%emt 0:00:32] 11...Nh5 is de moderne voortzetting.} 12. f3 N6h7 {[%emt 0:06:46] D36: Damegambiet Geweigerd: Ruilvariant: Hoofdvariant (5 Lg5 c6 6 Dc2).} 13. Bxe7 Qxe7 14. e4 Be6 15. e5 Rac8 $146 ({Predecessor:} 15... c5 16. f4 cxd4 17. Nxd4 Qc5 18. Qf2 Bd7 19. Rac1 Rac8 20. Rc2 Ne6 21. Nf5 Qxf2+ 22. Rcxf2 {½-½ De Paula,L (1704)-De Rossi,P (2087) Barrinha Merli Memorial op 2010 (3)}) 16. f4 g6 17. Rf3 f5 18. Qd2 a6 19. Na4 Nd7 20. b4 Kh8 21. h4 Rg8 22. Rh3 h5 23. Kh2 Nhf8 24. Nc1 b5 25. Nc5 Nxc5 26. bxc5 Bf7 27. Nb3 Ne6 28. Be2 Qd8 29. Na5 Qc7 30. Rd3 Kh7 31. g3 $16 Rb8 32. Qb4 Ra8 33. Bf3 Nd8 34. Re1 Be6 35. Ra3 Re8 36. Kg2 Bf7 37. Kf2 Be6 38. Ke3 Nf7 39. Nb3 Ra7 40. Ra5 Rea8 41. Ra1 Nd8 42. Rh1 Nb7 43. a3 1/2-1/2

[Event "Elegant 1st Division League 2024"]
[Site "Dhaka"]
[Date "2024.07.11"]
[Round "1.12"]
[White "Islam, Obaidul Shahin"]
[Black "Jamal Uddin"]
[Result "0-1"]
[Annotator "RC"]
[ECO "B49"]
[WhiteElo "1976"]
[BlackElo "1963"]
[PlyCount "62"]
[EventDate "2024.07.10"]
[EventType "team-tourn"]
[EventCountry "BAN"]
[SourceTitle "playchess.com"]
[Source "ChessBase"]
[SourceQuality "1"]
[TimeControl "5400+30"]

1. e4 c5 2. Nf3 Nc6 3. Nc3 a6 4. d4 cxd4 5. Nxd4 e6 6. Be2 Qc7 7. Be3 Nf6 8. O-O Bb4 9. f3 h5 10. Na4 b5 11. a3 Bd6 12. Nc3 Bxh2+ 13. Kh1 Bg3 14. Qd2 Nxd4 15. Qxd4 Be5 16. Qd2 Bb7 17. Bd3 h4 18. Rab1 Rc8 19. Ne2 h3 20. Bf4 d5 21. exd5 Nxd5 22. g3 Rd8 23. Kh2 Nxf4 24. Nxf4 g5 25. Ne2 Bf6 26. Qe3 Ke7 27. Rfd1 Rd7 28. c3 Rhd8 29. Bc2 Qe5 30. Qxe5 Bxe5 31. Ng1 Rd2+ 0-1

[Event "Elegant 1st Division League 2024"]
[Site "Dhaka"]
[Date "2024.07.11"]
[Round "1.13"]
[White "Sajib, Das"]
[Black "Hossain, Monir"]
[Result "1/2-1/2"]
[Annotator "NA RC"]
[ECO "C00"]
[WhiteElo "1894"]
[BlackElo "1972"]
[PlyCount "127"]
[EventDate "2024.07.10"]
[EventType "team-tourn"]
[EventCountry "BAN"]
[SourceTitle "playchess.com"]
[Source "ChessBase"]
[SourceQuality "1"]
[TimeControl "5400+30"]

1. e4 c5 2. Nf3 e6 3. d3 Nc6 4. g3 d5 5. Nbd2 Nf6 6. Bg2 Be7 7. O-O dxe4 8. dxe4 e5 9. h3 O-O 10. Re1 h6 11. c3 Be6 12. Qc2 {[%emt 0:03:21] C00: Frans: Ongebruikelijke Wit 2e zetten.} Qd7 13. g4 Rad8 14. Nf1 Rfe8 15. Ng3 Nh7 16. Nf5 Bf8 17. Be3 Qc7 18. Rad1 Rxd1 19. Rxd1 Rd8 20. b3 Rxd1+ 21. Qxd1 Qd7 22. Qd2 Nf6 23. Qxd7 Nxd7 24. Kf1 Kh7 25. Ke2 g6 26. Ng3 Be7 27. Nd2 Kg7 28. Kd3 b5 29. Kc2 Bg5 30. Bxg5 hxg5 31. Ngf1 Kf8 32. Ne3 Ke7 33. Bf1 a6 34. a4 Na7 35. Be2 Nb6 36. axb5 axb5 37. Nf3 f6 38. Nd2 Kd6 39. Nb1 c4 40. b4 Nac8 41. Nd2 Ne7 42. Nf3 Nc6 43. Bf1 Bf7 44. Kd2 Nd8 45. h4 gxh4 46. Nxh4 Ne6 47. f3 Nf4 48. Nhg2 Be6 49. Nxf4 exf4 50. Nc2 Ke5 51. Bh3 Bd7 52. Nd4 Nc8 53. Bf1 Nd6 54. Be2 Nf7 55. Ke1 Kd6 56. Kf2 Kc7 57. Bd1 Kb6 58. Ne2 g5 59. Nd4 Nd6 $11 60. Bc2 Nf7 61. Bb1 Ne5 62. Bc2 Bc8 63. Bb1 Bd7 64. Bc2 1/2-1/2

[Event "Elegant 1st Division League 2024"]
[Site "Dhaka"]
[Date "2024.07.11"]
[Round "1.14"]
[White "Priyanshu Barua"]
[Black "Hrishin, Talukder"]
[Result "0-1"]
[Annotator "NA RC"]
[ECO "C45"]
[WhiteElo "1987"]
[BlackElo "1982"]
[PlyCount "59"]
[EventDate "2024.07.10"]
[EventType "team-tourn"]
[EventCountry "BAN"]
[SourceTitle "playchess.com"]
[Source "ChessBase"]
[SourceQuality "1"]
[TimeControl "5400+30"]

1. e4 e5 2. Nf3 Nc6 3. d4 exd4 4. Nxd4 Qf6 5. Be3 Bc5 6. c3 Nge7 7. Bc4 Ne5 8. Be2 Qg6 9. O-O d6 10. f4 Qxe4 11. Bf2 Bxd4 12. cxd4 N5g6 {[%emt 0:00:00] C45: Scotch Game.} 13. g3 Bh3 14. Bf3 Qf5 15. Re1 d5 16. Nc3 c6 17. Be3 h5 18. Qb3 O-O-O 19. Bf2 h4 20. Qa3 hxg3 21. hxg3 Bg4 22. Bg2 Qh5 23. Nd1 Nf5 $19 24. Rc1 Qh2+ 25. Kf1 Rhe8 26. Qxa7 Rxe1+ 27. Bxe1 Nxg3+ 28. Kf2 Ne4+ 29. Kf1 Qxf4+ 30. Bf2 0-1

[Event "Elegant 1st Division League 2024"]
[Site "Dhaka"]
[Date "2024.07.11"]
[Round "1.15"]
[White "Kazi, Saiyf"]
[Black "Abhinandan Ganguly"]
[Result "1-0"]
[Annotator "NA RC"]
[ECO "D02"]
[WhiteElo "1881"]
[BlackElo "1732"]
[PlyCount "101"]
[EventDate "2024.07.10"]
[EventType "team-tourn"]
[EventCountry "BAN"]
[SourceTitle "playchess.com"]
[Source "ChessBase"]
[SourceQuality "1"]
[TimeControl "5400+30"]

1. d4 d5 2. Nf3 Bf5 3. Bf4 e6 4. e3 Bd6 5. Bg3 Nf6 6. Nbd2 O-O {[%emt 0:01:52] D02: 1 d4 d5 2 Pf3 Zijvarianten, inclusief 2...Pf6 3 g3 en 2...Pf6 3 Lf4.} 7. c4 Bxg3 8. hxg3 c6 9. Ne5 Nbd7 10. g4 Bg6 11. Nxg6 fxg6 12. g5 Ne4 13. Nxe4 dxe4 14. Qg4 Qa5+ 15. Ke2 Qf5 16. Qh4 Kf7 17. g4 Qf3+ 18. Ke1 Ke7 19. Rh3 Qf7 20. Bg2 e5 21. b3 exd4 22. exd4 Rae8 23. Re3 Kd8 {[%emt 0:00:44] [#]} 24. Kf1 $16 c5 25. Rd1 Kc8 26. d5 Qf4 27. Rde1 Re5 28. Rxe4 Qxg5 29. Qxg5 Rxg5 30. Re8+ Rxe8 31. Rxe8+ Kc7 32. Re7 Kc8 33. Rxd7 Kxd7 34. f4 Rxg4 35. Bh3 h5 36. Bxg4+ hxg4 37. Kg2 Kd6 38. Kg3 g5 39. fxg5 g6 40. Kxg4 Ke5 41. a3 b5 42. a4 bxa4 43. bxa4 a5 44. Kg3 Kf5 45. Kh4 Ke5 46. Kg4 Kd6 47. Kf4 Kd7 48. Ke5 Ke7 49. d6+ Kd7 50. Kd5 Kd8 51. Kxc5 1-0

[Event "Elegant 1st Division League 2024"]
[Site "Dhaka"]
[Date "2024.07.11"]
[Round "1.16"]
[White "Hossain, Delwar"]
[Black "Mohammed, Shaker Ullah"]
[Result "1/2-1/2"]
[Annotator "NA RC"]
[ECO "A18"]
[WhiteElo "1959"]
[BlackElo "2018"]
[PlyCount "138"]
[EventDate "2024.07.10"]
[EventType "team-tourn"]
[EventCountry "BAN"]
[SourceTitle "playchess.com"]
[Source "ChessBase"]
[SourceQuality "1"]
[TimeControl "5400+30"]

1. c4 Nf6 2. Nc3 e6 3. e4 b6 4. e5 Ng8 5. d4 Nc6 6. f4 {[%emt 0:02:45] A18: English Opening: Flohr-Mikenas System (1 c4 Nf6 2 Nc3 e6 3 e4).} Bb4 7. Nf3 Bb7 8. Bd3 Nge7 9. Be3 d5 10. O-O dxc4 11. Bxc4 Nf5 (11... Qd7 $14) 12. Bf2 O-O 13. a3 Be7 $2 (13... Bxc3 $11 14. bxc3 Qd7) 14. b4 Qd7 15. d5 exd5 16. Nxd5 Rad8 17. Qb1 Ncd4 18. Nxe7+ Qxe7 19. Nxd4 Nxd4 20. Rd1 Ne6 21. Qf5 Rxd1+ 22. Rxd1 Rd8 23. Re1 Rd2 (23... Qe8 $11) 24. Qg4 h5 25. Qg3 $11 Bd5 26. Qc3 Rxf2 27. Kxf2 Qh4+ 28. Ke2 Qg4+ 29. Kd2 Qxf4+ 30. Kd3 Qf5+ 31. Kd2 Qf4+ 32. Kd3 Qf5+ 33. Kd2 Qf4+ 34. Kd3 Qf5+ 35. Kd2 Qg5+ 36. Kd1 Qxg2 37. Bxd5 Qxd5+ 38. Kc1 Qa2 39. Qb2 Qc4+ 40. Kb1 Nd4 41. Rc1 Qd3+ 42. Ka2 Ne6 43. Qc3 Qe4 44. Rd1 g6 45. Rd2 Qf4 46. Kb2 Qe4 47. Kb3 Kg7 48. Qd3 Qxe5 49. Qc3 Qxc3+ 50. Kxc3 g5 51. Kc4 g4 52. Kd5 Kg6 53. Ke5 Kg5 54. Rf2 Kh4 55. Rxf7 Ng5 56. Rxc7 Nf3+ 57. Kf4 Nxh2 58. Rxa7 g3 59. Rg7 Ng4 60. Re7 Kh3 61. Re1 g2 62. a4 Kh2 63. a5 bxa5 64. bxa5 Nf6 65. Kg5 g1=Q+ 66. Rxg1 Kxg1 67. a6 Nd5 68. a7 Nb6 69. Kxh5 Kf2 1/2-1/2

[Event "Elegant 1st Division League 2024"]
[Site "Dhaka"]
[Date "2024.07.11"]
[Round "1.17"]
[White "Md, Eftekhar Alam"]
[Black "Miraj Uddin, Ahmed"]
[Result "1/2-1/2"]
[Annotator "NA RC"]
[ECO "D35"]
[WhiteElo "2006"]
[BlackElo "1827"]
[PlyCount "111"]
[EventDate "2024.07.10"]
[EventType "team-tourn"]
[EventCountry "BAN"]
[SourceTitle "playchess.com"]
[Source "ChessBase"]
[SourceQuality "1"]
[TimeControl "5400+30"]

1. d4 d5 2. c4 e6 3. Nc3 c6 4. cxd5 exd5 5. Bf4 Nf6 6. e3 Bd6 7. Bg3 {[%emt 0:00:54] D35: Queen's Gambit Declined: Exchange Variation.} O-O 8. Bd3 Re8 9. Nf3 Bg4 10. Qc2 Bb4 11. Ne5 Bh5 12. O-O Bxc3 13. bxc3 Bg6 14. c4 Bxd3 15. Qxd3 Ne4 16. cxd5 Qxd5 17. Rfd1 f6 18. Nf3 Nxg3 19. hxg3 Nd7 20. a4 Rad8 21. Rab1 a6 22. Qc3 b5 23. Qa5 Nb8 24. Rdc1 Qa2 25. Ra1 Qb3 26. Nd2 Qd3 27. Qc3 Qxc3 28. Rxc3 Rd5 29. Nb3 Kf7 30. axb5 axb5 31. Ra7+ Re7 32. Ra8 Rb7 33. Kf1 Rb6 34. Nc5 Nd7 (34... b4 {was een poging waard.} 35. Ra7+ Ke8) 35. Ra7 $18 Ke8 36. Ne6 Ke7 37. Nxg7 Rg5 38. d5 cxd5 39. Rcc7 Rd6 40. Rcb7 Rxg7 41. Rxb5 Rg8 42. Rb4 h6 43. Rh4 f5 44. Ke2 Rb8 45. Kf3 Rh8 46. Kf4 h5 47. Kg5 Rg8+ 48. Kf4 Rh6 49. Kf3 Rg4 50. Rh1 h4 51. Rd1 Rd6 52. Rh1 hxg3 53. Rh7+ Ke6 54. fxg3 Ne5+ 55. Kf2 Nd7 56. Kf3 1/2-1/2

[Event "Elegant 1st Division League 2024"]
[Site "Dhaka"]
[Date "2024.07.11"]
[Round "1.18"]
[White "Shatadru Shovan, Dey"]
[Black "Mahindrakar Indrajeet"]
[Result "0-1"]
[Annotator "RC"]
[ECO "A48"]
[WhiteElo "1879"]
[BlackElo "2129"]
[PlyCount "78"]
[EventDate "2024.07.10"]
[EventType "team-tourn"]
[EventCountry "BAN"]
[SourceTitle "playchess.com"]
[Source "ChessBase"]
[SourceQuality "1"]
[TimeControl "5400+30"]

1. d4 c5 2. e3 Nf6 3. Nf3 g6 4. Bd3 Bg7 5. O-O O-O 6. Re1 Nc6 7. b3 d6 8. Bb2 Qc7 9. c4 e5 10. dxe5 dxe5 11. Nc3 e4 12. Nxe4 Nxe4 13. Bxg7 Nxf2 14. Kxf2 Kxg7 15. Be4 Bg4 16. Bxc6 bxc6 17. h3 Rad8 18. Qe2 Bxf3 19. Qxf3 Rd2+ 20. Re2 Rfd8 21. Rae1 R2d6 22. Kg1 Rf6 23. Qg4 h5 24. Qh4 Qe5 25. Rf2 Rdd6 26. Rxf6 Rxf6 27. Re2 Rd6 28. Qf4 Qa1+ 29. Kh2 Rf6 30. Qh4 Rf1 31. Rf2 Rh1+ 32. Kg3 Qe5+ 33. Qf4 Qe7 34. Rd2 g5 35. Qf3 Qe5+ 36. Kf2 Qa1 37. Kg3 Rf1 38. Qxh5 Qe5+ 39. Kg4 Rf4+ 0-1